Map: King's Cove LE

Players

Elazer

  • Race: Zerg Zerg
  • Spawn Location: 5:00

Harstem - Winner!

  • Race: Protoss Protoss
  • Spawn Location: 11:00

Event: 2019 WCS Spring

VOD

Have the link to the VOD?

Description

Time

  • Played on: May 17, 2019, 1:29 p.m.
  • Length: 12:41

All games in this series

Show
View Real Time Build Order
Export as new Build Order

Elazer Zerg 

Build Orders: Hatch First 

Get SALT Encoding   

  12  0:00  Drone  
  13  0:12  Overlord  
  13  0:18  Drone  
  14  0:31  Drone x2  
  16  0:49  Hatchery  
  15  0:52  Drone  
  15  0:56  Drone  
  17  0:59  Drone  
  18  1:09  Extractor  
  17  1:15  Spawning Pool  
  17  1:18  Drone  
  17  1:21  Drone  
  18  1:28  Drone  
  19  1:39  Drone  
  20  1:50  Drone  
  21  2:01  Overlord, Queen x2  
  21  2:02  Zergling x2  
  26  2:11  Zergling x2  
  26  2:12  Drone  
  28  2:22  Drone x2  
  30  2:35  Hatchery, Drone  
  30  2:38  Drone  
  30  2:43  Queen  
  33  2:47  Metabolic Boost  
  33  2:53  Overlord  
  33  2:55  Drone  
  33  2:58  Drone  
  35  3:00  Drone  
  36  3:11  Drone x2  
  36  3:12  Drone x3  
  41  3:13  Drone  
  41  3:19  Overlord  
  42  3:23  Queen  
  44  3:38  Lair  
  44  3:39  Drone x5  
  49  3:41  Drone  
  49  3:43  Drone  
  49  3:45  Drone  
  49  3:47  Drone  
  53  3:53  Extractor  
  53  3:54  Extractor, Roach Warren  
  53  3:55  Drone x2  
  51  3:58  Drone  
  53  4:03  Overlord  
  53  4:04  Drone  
  53  4:05  Drone  
  53  4:08  Overlord  
  55  4:15  Zergling x6  
  58  4:20  Overlord  
  58  4:22  Zergling x8  
  63  4:24  Zergling x2  
  63  4:29  Zergling x2  
  64  4:36  Roach x4  
  64  4:38  Overlord  
  72  4:43  Roach x2  
  76  4:47  Roach  
  76  4:48  Overlord  
  76  4:50  Roach  
  80  4:55  Roach  
  80  4:58  Roach x2  
  86  5:04  Glial Reconstitution, Overlord  
  84  5:07  Overseer  
  84  5:12  Overlord  
  79  5:14  Drone  
  79  5:17  Drone  
  72  5:22  Drone  
  72  5:25  Drone  
  72  5:29  Drone  
  72  5:30  Drone  
  72  5:33  Drone  
  74  5:36  Drone  
  74  5:38  Drone  
  74  5:39  Extractor  
  74  5:40  Drone  
  74  5:41  Drone  
  74  5:45  Drone x2  
  74  5:48  Overseer  
  77  5:51  Drone x2  
  77  5:53  Drone  
  77  5:56  Overseer  
  80  5:57  Drone x2  
  80  6:01  Drone x2  
  80  6:02  Drone  
  87  6:04  Roach  
  87  6:06  Roach  
  87  6:09  Overlord  
  89  6:14  Roach x2  
  89  6:16  Queen  
  95  6:19  Drone  
  95  6:20  Overlord  
  95  6:21  Extractor  
  95  6:23  Roach  
  97  6:27  Roach x2  
  97  6:31  Evolution Chamber, Roach  
  97  6:32  Roach  
  104  6:38  Overlord  
  104  6:39  Roach x3  
  109  6:45  Overlord  
  109  6:49  Drone x2  
  109  6:50  Drone x4  
  107  6:55  Overlord  
  107  7:02  Overlord  
  107  7:04  Queen  
  107  7:09  Roach  
  107  7:13  Drone x3  
  112  7:18  Extractor, Zerg Melee Weapons Level 1  
  112  7:20  Drone x5  
  112  7:22  Drone x2  
  118  7:28  Spore Crawler, Drone x3  
  120  7:30  Drone  
  120  7:33  Drone  
  120  7:35  Drone  
  120  7:36  Drone  
  120  7:41  Baneling Nest  
  120  7:42  Extractor  
  118  7:44  Overlord  
  118  7:45  Ravager  
  118  7:50  Drone x2  
  121  7:54  Drone x2  
  123  7:59  Hatchery  
  123  8:02  Drone x4  
  124  8:19  Hydralisk Den, Zergling x24  
  131  8:26  Overlord  
  131  8:32  Drone x3  
  134  8:38  Drone x2  
  136  8:42  Drone  
  136  8:43  Hatchery  
  136  8:52  Overlord, Drone x2  
  136  8:53  Hydralisk x6  
  150  8:55  Centrifical Hooks, Grooved Spines  
  150  9:00  Pneumatized Carapace  
  150  9:01  Hydralisk x2  
  154  9:14  Zerg Melee Weapons Level 2  
  154  9:16  Hydralisk x4, Infestation Pit  
  161  9:21  Baneling x5  
  161  9:22  Zergling x6  
  164  9:27  Baneling x9  
  163  9:32  Zergling x10  
  163  9:36  Extractor  
  167  9:39  Hydralisk x4  
  167  9:45  Hydralisk x3  
  175  9:50  Drone x2  
  175  9:51  Drone  
  182  9:55  Drone x3  
  182  9:56  Drone  
  182  9:57  Hive  
  181  10:06  Drone, Spire  
  179  10:08  Drone  
  179  10:09  Extractor  
  179  10:11  Drone x3  
  182  10:18  Overlord, Drone x3  
  182  10:19  Drone  
  181  10:21  Hydralisk x4  
  189  10:30  Overlord  
  189  10:39  Drone x3  
  189  10:40  Spire  
  189  10:42  Hydralisk x3  
  197  10:51  Zergling x4  
  199  10:57  Baneling x3  
  199  10:58  Baneling  
  199  11:07  Spore Crawler x2  
  199  11:08  Spore Crawler, Pathogen Glands  
  199  11:10  Spore Crawler x2  
  199  11:11  Drone x5  
  199  11:12  Drone  
  178  11:33  Zergling x26  
  190  11:52  Zergling x2  
  190  11:53  Zergling x18  
  199  11:59  Overseer  
  199  12:00  Baneling x17  
  199  12:02  Spore Crawler  
  189  12:17  Zergling x26  
Show
View Real Time Build Order
Export as new Build Order

Harstem Protoss - Winner!

Build Orders: 1 Gate Expand, Archon Immortal, Archon Drop, Dark Templar Rush 

Get SALT Encoding   

  12  0:00  Probe  
  13  0:12  Probe  
  14  0:18  Pylon  
  14  0:24  Probe  
  15  0:29  Assimilator  
  15  0:32  Probe  
  15  0:40  Probe  
  16  0:49  Gateway  
  17  0:51  Probe  
  18  1:03  Probe  
  19  1:15  Probe  
  20  1:26  Nexus  
  20  1:35  Cybernetics Core  
  20  1:38  Probe  
  21  1:44  Assimilator  
  21  1:50  Probe  
  21  1:53  Pylon  
  22  2:02  Probe, Adept  
  23  2:13  Warp Gate  
  23  2:14  Probe  
  26  2:21  Twilight Council  
  26  2:22  Stalker  
  26  2:27  Probe  
  27  2:34  Probe  
  29  2:42  Probe  
  29  2:43  Probe  
  32  2:52  Robotics Facility  
  32  2:55  Probe  
  33  3:02  Probe, Resonating Glaives  
  34  3:07  Probe  
  35  3:16  Gateway  
  35  3:19  Probe  
  37  3:25  Gateway  
  36  3:27  Dark Shrine  
  36  3:29  Probe  
  36  3:33  Warp Prism  
  38  3:38  Gateway  
  38  3:46  Probe  
  40  3:51  Probe  
  40  3:54  Pylon  
  41  3:58  Probe  
  41  4:02  Adept  
  44  4:03  Probe  
  44  4:05  Assimilator  
  45  4:10  Assimilator, Probe  
  47  4:17  Pylon  
  47  4:19  Adept  
  47  4:23  Adept  
  47  4:24  Probe, Adept  
  52  4:30  Probe  
  54  4:35  Adept  
  54  4:37  Pylon  
  57  4:41  Adept  
  57  4:43  Adept  
  60  4:47  Dark Templar  
  62  4:55  Probe x2  
  60  5:07  Dark Templar x2, Probe  
  60  5:08  Dark Templar  
  65  5:15  Pylon  
  61  5:24  Warp Prism  
  61  5:26  Probe  
  60  5:28  Probe  
  61  5:38  Probe  
  61  5:42  Probe  
  65  5:47  Pylon  
  65  5:48  Immortal  
  65  5:49  Nexus  
  65  5:52  Archon  
  65  5:56  Pylon  
  65  5:58  Probe  
  65  6:00  Archon  
  70  6:05  Probe  
  70  6:06  Pylon  
  70  6:07  Sentry  
  70  6:08  Sentry x2  
  70  6:10  Probe  
  78  6:18  Forge  
  79  6:19  Sentry  
  79  6:22  Probe  
  79  6:24  Observer, Probe  
  79  6:25  Pylon  
  83  6:35  Immortal, Probe  
  84  6:40  Probe  
  90  6:47  Probe  
  90  6:52  Probe  
  85  6:58  Charge  
  83  7:02  Protoss Ground Weapons Level 1, Probe  
  83  7:03  Immortal  
  83  7:06  Dark Templar, Probe  
  83  7:07  Sentry  
  83  7:08  Zealot x2  
  93  7:14  Probe  
  99  7:21  Probe  
  99  7:22  Gateway  
  99  7:24  Gateway  
  99  7:26  Probe  
  99  7:28  Probe  
  99  7:29  Gateway  
  101  7:31  Gateway  
  101  7:35  Probe  
  101  7:36  Stalker x2  
  106  7:39  Probe  
  106  7:42  Assimilator  
  106  7:43  Assimilator  
  107  7:47  Probe x2  
  107  7:50  Pylon  
  109  7:54  Zealot x2  
  109  7:57  Pylon, Warp Prism  
  112  8:02  Probe x2  
  112  8:03  Probe  
  111  8:10  Probe x2  
  111  8:11  Photon Cannon  
  111  8:15  Probe  
  111  8:18  Photon Cannon, Probe  
  111  8:19  Probe  
  116  8:28  Probe  
  116  8:30  Templar Archives  
  116  8:33  Pylon  
  117  8:36  Immortal  
  117  8:38  Pylon  
  121  8:48  Probe  
  122  8:50  Psionic Storm  
  122  8:51  Protoss Ground Weapons Level 2  
  122  8:54  Probe  
  123  9:04  Nexus  
  123  9:06  Gateway  
  123  9:07  Pylon, Gateway  
  123  9:09  High Templar x2  
  127  9:10  High Templar x2  
  127  9:11  High Templar x2  
  135  9:22  Immortal  
  139  9:37  Zealot x2  
  143  9:38  Probe  
  143  9:41  Assimilator x2  
  144  9:59  Immortal  
  144  10:00  Probe x2  
  144  10:05  Probe  
  149  10:08  Zealot x3  
  149  10:10  Zealot  
  157  10:15  Probe  
  157  10:16  Pylon x2  
  157  10:18  Pylon  
  157  10:19  Pylon  
  158  10:23  Probe  
  158  10:24  Probe  
  158  10:28  Photon Cannon  
  160  10:29  Photon Cannon  
  160  10:31  Photon Cannon  
  160  10:33  Photon Cannon, Shield Battery  
  160  10:34  Shield Battery  
  160  10:36  Photon Cannon  
  160  10:37  Pylon  
  160  10:42  High Templar x4  
  168  10:43  High Templar x4  
  168  10:44  High Templar x2, Photon Cannon  
  168  10:46  Immortal  
  168  10:47  Archon x2  
  180  10:51  Archon  
  180  10:52  Archon  
  180  10:53  Archon  
  184  10:58  Pylon  
  184  10:59  Photon Cannon  
  184  11:03  Stargate  
  184  11:14  Dark Templar x2  
  184  11:15  Zealot x5  
  184  11:16  Zealot  
  200  11:22  Zealot, Dark Templar  
  198  11:36  Immortal  
  194  12:05  Zealot x2, Dark Templar  
  191  12:16  Zealot x4  
  191  12:25  Zealot x3  
  185  12:33  Zealot x2  
  186  12:39  Zealot, Dark Templar x2  
Tags
 
Add a new tag
Caveats
  • Supply blocks, unpowered buildings, or Contaminate may cause inaccurate times.
  • Supply counts are checked every 10 seconds.